 Dungeon Crawl Stone Soup version 0.31.0-1-g2c135a008e (webtiles) character file.

Game seed: 3738887464046589306

10114 beef42 the Severer (level 11, -1/95 HPs)
             Began as a Hill Orc Berserker on Jan 20, 2024.
             Was an Elder of Trog.
             Slain by a wolf (8 damage)
             ... on level 11 of the Dungeon.
             The game lasted 00:41:36 (9075 turns).

beef42 the Severer (Hill Orc Berserker)             Turns: 9075, Time: 00:41:37

Health: -1/95      AC: 14    Str: 22    XL:     11   Next: 57%
Magic:  20/20      EV: 12    Int: 10    God:    Trog [****..]
Gold:   767        SH:  0    Dex: 10    Spells: 10/10 levels left

rFire   + . .        g - +1 war axe (distort)
rCold   . . .        (no shield)
rNeg    . . .        t - +3 ring mail of Demons {rF+ rCorr MP+9 Str-3 Int+3}
rPois   .            e - +1 helmet
rElec   .            (no cloak)
rCorr   +            n - +0 pair of gloves
SInv    .            (no boots)
Will    .....        M - amulet of regeneration Stlth
                     (no ring)
HPRegen 1.15/turn    (no ring)
MPRegen 0.17/turn

%: no passive effects
@: on berserk cooldown, slowed, very slow
A: no striking features
a: Renounce Religion, Berserk, Trog's Hand, Brothers in Arms


You were on level 11 of the Dungeon.
You worshipped Trog.
Trog was greatly pleased with you.
You visited 1 branch of the dungeon, and saw 11 of its levels.
You also visited: Ossuary.

You collected 767 gold pieces.

Inventory:

Hand Weapons
 g - a +1 war axe of distortion (weapon)
 m - a +0 orcbow
 q - a +0 war axe
 u - the +2 whip of Luczirr {flame, rC+ rN+}
   (You found it on level 3 of the Dungeon)

   rC+:       It protects you from cold.
   rN+:       It protects you from negative energy.
 R - a +1 shortbow of electrocution
Missiles
 s - a throwing net (quivered)
 v - 2 atropa-tipped darts
Armour
 a - +0 acid dragon scales
 e - a +1 helmet (worn)
 n - a +0 pair of gloves (worn)
 t - the +3 ring mail of Demons (worn) {rF+ rCorr MP+9 Str-3 Int+3}
   (You found it on level 3 of the Dungeon)

   Str-3:     It affects your strength (-3).
   Int+3:     It affects your intelligence (+3).
   rF+:       It protects you from fire.
   MP+9:      It affects your magic capacity (+9).
   rCorr:     It protects you from acid and corrosion.
Jewellery
 k - a +6 ring of intelligence
 M - an amulet of regeneration (around neck)
 Q - an amulet of reflection
Wands
 b - a wand of mindburst (29)
 r - a wand of roots (24)
 P - a wand of charming (4)
Scrolls
 f - a scroll of poison
 j - 4 scrolls of blinking
 l - 3 scrolls of teleportation
 o - 3 scrolls of revelation {unknown}
 w - a scroll of acquirement {unknown}
 y - a scroll of immolation {unknown}
 z - 2 scrolls of enchant armour {unknown}
 A - 2 scrolls of enchant weapon {unknown}
 F - 4 scrolls of torment {unknown}
 I - 2 scrolls of fog {unknown}
 J - a scroll of butterflies
 K - 2 scrolls of vulnerability
 N - 2 scrolls of fear
Potions
 c - a potion of berserk rage
 i - 5 potions of curing
 p - 4 potions of haste
 x - 2 potions of resistance
 B - 2 potions of cancellation
 C - a potion of magic {unknown}
 D - 2 potions of invisibility {unknown}
 E - 2 potions of attraction {unknown}
 G - 2 potions of heal wounds
 H - 3 potions of might
 L - a potion of enlightenment {unknown}
 O - a potion of ambrosia {unknown}


   Skills:
 + Level 8.3 Fighting
 - Level 16.0 Axes
 + Level 11.8 Armour
 - Level 4.9 Dodging


You had 10 spell levels left.
You didn't know any spells.
Your spell library was empty.

Dungeon Overview and Level Annotations

Branches:
Dungeon (11/15)            Temple (0/1) D:7             Orc (0/2) D:9
Ossuary (visited)
   Lair: D:8-11

Altars:
Ashenzari
Hepliaklqana
Sif Muna
Uskayaw

Annotations:
D:4 exclusions: bombardier beetle and 1 more exclusion
D:7 3 runed translucent doors, Skimidon's ghost, novice GrFi; TheWayOfAllFlesh's ghost, novice GrFi; paavali's ghost, novice OpSh
D:11 Maurice


Message History

You hit something.
You feel sick. The wolf barely misses you. The wolf closely misses you.
You barely miss the wolf.
The wolf is moderately wounded.
You hit the troll.
Space warps around the troll.
You feel sick. The wolf barely misses you. The troll bites you!
* * * LOW HITPOINT WARNING * * *
The troll claws you but does no damage. x2
You slash the wolf!
Space warps around the wolf.
The wolf is severely wounded.
You hit the troll but do no damage.
You feel sick. The wolf barely misses you.
The wolf bites you but does no damage. The troll bites you!
* * * LOW HITPOINT WARNING * * *
The troll barely misses you. x2
You miss the wolf.
The wolf is severely wounded.
You hit the troll.
You feel sick. The wolf barely misses you.
The wolf bites you but does no damage. The troll bites you but does no damage.
The troll claws you.
* * * LOW HITPOINT WARNING * * *
The troll claws you.
* * * LOW HITPOINT WARNING * * *
Unknown command.
You completely miss the wolf.
The wolf is severely wounded.
You slash the troll!
The troll is devoured by a tear in reality.
You feel sick.
You are no longer poisoned.
The wolf bites you but does no damage. The wolf barely misses you.
The wolf attacks as it pursues you! The wolf barely misses you. x2
The wolf bites you but does no damage. Something hits you but does no damage.
The wolf attacks as it pursues you! The wolf misses you.
Something hits you but does no damage. The wolf bites you but does no damage.
There is a stone staircase leading up here.
The wolf bites you.
* * * LOW HITPOINT WARNING * * *
The wolf bites you!
You die...

##...### .
##......# . ..
####....... ..
...#......... ...
..........# ..<.
#......## .....
###......##.....#
#!...†...........
.......##@h.§.##...
..$.... #......#
.....##...........
..#.# ##...........
.... ##..##......
..# ##.# ...... 8.
... ...... .. ..


You could see a wolf.

Vanquished Creatures
  A gargoyle (D:10)
  2 kobold demonologists (D:10)
  A troll (D:11)
  A vampire mosquito (D:11)
  3 steam dragons
  2 acid dragons
  An orc warrior (D:6)
  3 ice beasts
  2 centaurs
  2 ogres
  A phantom (D:4)
  A kobold brigand (D:10)
  4 bullfrogs
  A gnoll sergeant (D:8)
  2 scorpions
  An elf zombie (Ossuary)
  2 burial acolytes (Ossuary)
  10 wights
  6 killer bees (D:6)
  A bombardier beetle (D:6)
  4 howler monkeys
  A centaur zombie (Ossuary)
  2 jellies
  An orc priest (D:6)
  5 hounds
  A sleepcap (D:5)
  Ijyb (D:3)
  Jessica (D:2)
  Terence (D:2)
  3 iguanas
  3 orc wizards
  3 mummies (Ossuary)
  5 adders
  5 gnolls (D:8)
  A shadow imp (D:7)
  4 white imps
  2 ufetubi (D:5)
  7 dart slugs
  4 ribbon worms
  11 orcs
  6 ball pythons
  5 endoplasms
  2 giant cockroaches
  2 gnoll zombies (Ossuary)
  8 goblins
  12 hobgoblins
  10 jackals
  5 quokkas
  7 bats
  5 frilled lizards
  8 kobolds
  3 kobold zombies (Ossuary)
  An orc zombie (Ossuary)
  5 rats (D:2)
191 creatures vanquished.

Vanquished Creatures (others)
  A kobold brigand (D:10)
1 creature vanquished.

Grand Total: 192 creatures vanquished

Notes
Turn   | Place    | Note
-------+----------+-------------------------------------------
     0 | D:1      | beef42 the Hill Orc Berserker began the quest for the Orb.
     0 | D:1      | Reached XP level 1. HP: 19/19 MP: 1/1
    55 | D:1      | Reached XP level 2. HP: 25/27 MP: 2/2
   981 | D:2      | Reached XP level 3. HP: 29/33 MP: 3/3
  1003 | D:2      | Found a hide-covered altar of Uskayaw.
  1097 | D:2      | Reached skill level 5 in Axes
  1125 | D:2      | Reached ** piety under Trog
  1403 | D:2      | Reached XP level 4. HP: 20/40 MP: 4/4
  1568 | D:2      | Noticed Terence
  1580 | D:2      | Killed Terence
  1596 | D:2      | Noticed Jessica
  1615 | D:2      | Killed Jessica
  1780 | D:2      | Reached XP level 5. HP: 46/46 MP: 5/5
  2047 | D:3      | Noticed Ijyb
  2062 | D:3      | Killed Ijyb
  2063 | D:3      | Reached skill level 6 in Axes
  2267 | D:3      | Identified the +3 ring mail of Demons {rF+ rCorr MP+9 Str-3
                  | Int+3}
  2888 | D:3      | Found a faded altar of an unknown god.
  2933 | D:3      | Identified the +2 whip of Luczirr {flame, rC+ rN+}
  3176 | D:4      | Reached skill level 7 in Axes
  3246 | D:4      | Reached XP level 6. HP: 43/52 MP: 6/6
  3349 | D:4      | Found a shimmering blue altar of Sif Muna.
  3365 | D:4      | Found a broken altar of Ashenzari.
  3403 | D:4      | Reached skill level 8 in Axes
  3960 | D:5      | Entered Level 5 of the Dungeon
  3966 | D:5      | Reached skill level 9 in Axes
  3968 | D:5      | Reached XP level 7. HP: 53/58 MP: 7/7
  4142 | D:5      | Reached skill level 10 in Axes
  4155 | D:5      | Reached *** piety under Trog
  4273 | D:5      | Found a hazy altar of Hepliaklqana.
  4367 | D:5      | Found a sand-covered staircase.
  4374 | Ossuary  | Entered an ossuary
  4451 | Ossuary  | Reached skill level 11 in Axes
  4452 | Ossuary  | Reached XP level 8. HP: 59/66 MP: 8/8
  4973 | D:5      | Reached skill level 12 in Axes
  5488 | D:6      | Reached skill level 13 in Axes
  5914 | D:6      | Reached skill level 14 in Axes
  5919 | D:6      | Reached XP level 9. HP: 44/71 MP: 9/9
  6338 | D:7      | Found a staircase to the Ecumenical Temple.
  6739 | D:7      | Reached skill level 5 in Fighting
  6936 | D:7      | Reached skill level 5 in Armour
  7087 | D:7      | Found a runed translucent gate.
  7087 | D:7      | Found a runed translucent gate.
  7087 | D:7      | Noticed TheWayOfAllFlesh's ghost (novice GrFi)
  7088 | D:7      | Found a runed translucent gate.
  7089 | D:7      | Noticed Skimidon's ghost (novice GrFi)
  7089 | D:7      | Noticed paavali's ghost (novice OpSh)
  8048 | D:9      | Reached **** piety under Trog
  8166 | D:9      | Found a staircase to the Orcish Mines.
  8341 | D:9      | Reached XP level 10. HP: 81/81 MP: 10/10
  8511 | D:10     | Entered Level 10 of the Dungeon
  8525 | D:10     | Noticed a kobold demonologist
  8534 | D:10     | Noticed a kobold demonologist
  8538 | D:10     | Noticed a rust devil
  8548 | D:10     | Killed a kobold demonologist
  8551 | D:10     | HP: 3/81 [centaur/arrow (8)]
  8621 | D:10     | Killed a kobold demonologist
  8622 | D:10     | Reached skill level 10 in Armour
  8664 | D:10     | Noticed a gargoyle
  8677 | D:10     | Killed a gargoyle
  8707 | D:10     | Reached skill level 16 in Axes
  8707 | D:10     | Reached XP level 11. HP: 83/94 MP: 11/11
  9019 | D:11     | Noticed a two-headed ogre
  9019 | D:11     | Noticed a manticore
  9049 | D:11     | Noticed Maurice
  9066 | D:11     | Something stole an amulet of the acrobat
  9075 | D:11     | Slain by a wolf

Illustrated notes

Levels and vault maps discovered:
D:1:      dpeg_arrival_round_c, layout_loops_ring
D:2:      layout_basic, basic_altar, grunt_ministairs_14,
          kennysheep_jessica_study, uniq_terence
D:3:      layout_basic, shapermc_ecumenical_altar_acropolis, serial_aquarium,
          aquarium_bridge_square [aquarium_subvault_window,
          aquarium_subvault_window, aquarium_subvault_wall,
          aquarium_subvault_bridge], aquarium_bridge_long_joined
          [aquarium_subvault_balcony, aquarium_subvault_wall,
          aquarium_subvault_bridge, aquarium_subvault_window,
          aquarium_subvault_bridge, aquarium_subvault_wall], aquarium_window_1,
          aquarium_window_3, aquarium_window_fake, aquarium_window_corner,
          aquarium_view_2a, aquarium_view_2e, uniq_ijyb
D:4:      layout_basic, mainiacjoe_overflow_large_starburst, moated_statue
D:5:      layout_loops_ring, nicolae_hepliaklqana_hazy_memory,
          nicolae_ossuary_entry_monument
D:6:      layout_loops_ring, wad_floor_pattern_untrapped, minmay_door_square,
          minmay_misc_feat_more_columns, abandoned_shop, minmay_crossroads
D:7:      layout_basic, minmay_temple_entry_gardened_gates,
          gammafunk_ghost_cemetery
D:8:      layout_basic
D:9:      layout_gridville, orc_0_dummy
D:10:     layout_rooms
D:11:     layout_cave_pools, hellmonk_lair_entry_icy, serial_column_ruins,
          column_ruins_open_tiny, column_ruins_open_small,
          column_ruins_columns_straight, column_ruins_corridor_plus,
          column_ruins_columns_corner, uniq_maurice

Skill      XL: |  1  2  3  4  5  6  7  8  9 10 11 |
---------------+----------------------------------+-----
Armour         | 3 4 9 11 | 11.8
Axes           | 5 7 9 11 14 16 | 16.0
Fighting       | 4 5 7 8 |  8.3
Dodging        | 2 4 |  4.9

Action                     |  1- 3 |  4- 6 |  7- 9 | 10-12 || total
---------------------------+-------+-------+-------+-------++-------
  Melee: Hand axe          |   120 |    42 |       |       ||   162
         Punch             |       |     2 |     6 |     1 ||     9
         War axe           |       |   130 |   339 |    68 ||   537
   Fire: Orcbow            |       |       |     1 |       ||     1
 Invoke: Berserk           |       |     2 |     8 |     3 ||    13
  Evoke: Wand              |       |       |     7 |       ||     7
    Use: Scroll            |       |     2 |     8 |     6 ||    16
         Potion            |       |       |     1 |     5 ||     6
 Armour: Animal skin       |    26 |       |       |       ||    26
         Ring mail         |    40 |   113 |   199 |    99 ||   451
  Dodge: Dodged            |    62 |   116 |   130 |    54 ||   362
